 Dungeon Crawl Stone Soup version 0.29.1-1-gd02db6906a (webtiles) character file.

Game seed: 14713065896459313012

89 Icepheonix32 the Gusty (level 4, -1/24 HPs)
             Began as a Tengu Air Elementalist on Oct 5, 2022.
             Succumbed to an orc wizard's poison
             ... on level 3 of the Dungeon.
             The game lasted 00:02:16 (1435 turns).

Icepheonix32 the Gusty (Tengu Air Elementalist)     Turns: 1435, Time: 00:02:16

Health: -1/24      AC:  2    Str:  8    XL:     4   Next: 55%
Magic:  9/9        EV: 13    Int: 17    God:
Gold:   95         SH:  0    Dex: 15    Spells: 3/9 levels left

rFire   . . .      SeeInvis .   j - +2 dagger (flame)
rCold   . . .      Faith    .   (no shield)
rNeg    . . .      Spirit   .   a - +0 robe
rPois   .          Reflect  .   (helmet restricted)
rElec   .          Harm     .   (no cloak)
rCorr   .          Rampage  .   (no gloves)
Will    .....                   (boots unavailable)
Stlth   ++........              (no amulet)
HPRegen 0.08/turn               (no ring)
MPRegen 0.11/turn               (no ring)

@: lethally poisoned (-1 -> -15)
A: beak, talons 3
a: no special abilities


You were on level 3 of the Dungeon.
You visited 1 branch of the dungeon, and saw 4 of its levels.

You collected 95 gold pieces.

Inventory:

Hand Weapons
 e - a +0 club
 f - a +0 whip
 g - a +0 dagger
 j - a +2 dagger of flaming (weapon)
Armour
 a - a +0 robe (worn)
Scrolls
 c - 2 scrolls of identify {unknown}
 h - a scroll of blinking {unknown}
 i - a scroll of magic mapping {unknown}


   Skills:
 + Level 0.1 Fighting
 * Level 2.7 Dodging
 - Level 2.0 Stealth
 + Level 3.0 Spellcasting
 * Level 3.3 Conjurations
 + Level 4.6 Air Magic


You had 3 spell levels left.
You knew the following spells:

 Your Spells              Type           Power      Damage    Failure   Level
a - Shock                 Conj/Air       64%        1d7       3%          1
b - Static Discharge      Conj/Air       16%        3-5/arc   5%          2
c - Swiftness             Air            18%        N/A       8%          3

Your spell library contained the following spells:

 Spells                   Type           Power      Damage    Failure   Level
 Frozen Ramparts          Ice            4%         1d1       45%         3
 Airstrike                Air            9%         2d(2-18)  26%         4
 Ice Form                 Ice/Tmut       2%         N/A       86%         4
 Summon Ice Beast         Ice/Summ       2%         N/A       86%         4


Dungeon Overview and Level Annotations

Branches:
Dungeon (4/15)
 Temple: D:4-7

Altars:


Innate Abilities, Weirdness & Mutations

You have a beak for a mouth.
You have claws for feet.


Message History

An orc comes into view. It is wielding a +0 dagger.
Unknown command.
Casting: Shock (safe; 3% risk of failure)
Confirm with . or Enter, or press ? or * to list all spells.
Aiming: Shock (safe; 3% risk of failure)
Press: ? - help, Shift-Dir - straight line, f/p - orc wizard
Aim: an orc wizard, wielding a +0 dagger of venom and wearing a +0 robe (heavily wounded, 64% to hit)
The zap misses the orc wizard.
Unknown command.
Casting: Shock (safe; 3% risk of failure)
Confirm with . or Enter, or press ? or * to list all spells.
Aiming: Shock (safe; 3% risk of failure)
Press: ? - help, Shift-Dir - straight line, f/p - orc wizard
Aim: an orc wizard, wielding a +0 dagger of venom and wearing a +0 robe (heavily wounded, 64% to hit)
The zap hits the orc wizard.
The orc wizard is heavily wounded.
Unknown command.
The orc wizard casts a spell at you. The magic dart hits you.
The orc wizard hits you with a +0 dagger of venom.
* * * LOW HITPOINT WARNING * * *
You are lethally poisoned!
Things that are here:
a +0 club; a goblin corpse You hit the orc wizard.
You burn the orc wizard. Your kick misses the orc wizard.
The orc wizard is severely wounded.
* * * LOW HITPOINT WARNING * * *
You feel sick. The orc barely misses you. The orc wizard closely misses you.
Unknown command.
It was a potion of cancellation.
You feel magically purged.
* * * LOW HITPOINT WARNING * * *
You feel sick. The orc misses you.
The orc wizard hits you with a +0 dagger of venom.
* * * LOW HITPOINT WARNING * * *
You are more poisoned.
Unknown command.
Unknown command.
Magic courses through your body.
You die...

#)........#..
#.(.........#
##.......####
#...)........
#..)......##.
#..)......#
#.........#
#>........#
##@o.....##
#o.....##
#.#.....#
#........#
#.)........?.
#..#....<.....
#.###......^##
#.. #......##
.. .......#


You could see an orc wizard and an orc.

Vanquished Creatures
  A hound (D:4)
  An adder (D:3)
  An orc (D:3)
  2 ball pythons (D:1)
  4 bats
  8 endoplasms
  7 goblins
  3 hobgoblins (D:1)
  6 jackals (D:1)
  3 kobolds
  A quokka (D:1)
  3 rats (D:1)
40 creatures vanquished.

Notes
Turn   | Place    | Note
-------+----------+-------------------------------------------
     0 | D:1      | Icepheonix32 the Tengu Air Elementalist began the quest for
                  | the Orb.
     0 | D:1      | Reached XP level 1. HP: 10/10 MP: 4/4
   238 | D:1      | Reached XP level 2. HP: 15/15 MP: 1/6
   689 | D:1      | Reached XP level 3. HP: 19/19 MP: 2/7
   691 | D:1      | Noticed a golden eye
   911 | D:1      | Noticed a shining eye
   912 | D:1      | Noticed a great orb of eyes
   967 | D:1      | Noticed a great orb of eyes
   969 | D:1      | Found a faded altar of an unknown god.
  1023 | D:1      | Learned a level 2 spell: Static Discharge
  1027 | D:1      | Learned a level 3 spell: Swiftness
  1332 | D:2      | You fall into a shaft and drop 2 floors!
  1350 | D:4      | Reached XP level 4. HP: 10/24 MP: 1/9
  1435 | D:3      | Succumbed to an orc wizard's poison

Illustrated notes

Levels and vault maps discovered:
D:1:      dpeg_arrival_tiny_j, layout_loops_ring,
          hellmonk_ecumenical_altar_watching_god, st_stairs_2
D:2:      layout_loops_ring, hangedman_decor_clover_reticule
D:3:      layout_rooms, kennysheep_potato
D:4:      layout_loops_corners, item_on_display_a

Skill      XL: |  1  2  3  4 |
---------------+-------------+-----
Conjurations   | 2 3 |  3.3
Spellcasting   | 3 |  3.0
Fighting       | |  0.1
Dodging        | |  2.7
Stealth        | |  2.0
Air Magic      | |  4.6

Action                   |  1- 3 |  4- 6 || total
-------------------------+-------+-------++-------
Melee: Club              |     5 |       ||     5
       Kick              |     6 |     1 ||     7
       Dagger            |    14 |     8 ||    22
       Peck              |     1 |       ||     1
 Cast: Shock             |    54 |    10 ||    64
       Static Discharge  |     2 |       ||     2
  Use: Potion            |       |     2 ||     2
Armor: Robe              |     5 |     1 ||     6
Dodge: Dodged            |    16 |     5 ||    21
